 Dungeon Crawl Stone Soup version 0.17-a0-1719-g1afd5a1 (webtiles) character file.

648 KambridgeKobold the Covert (level 7, 0/36 HPs)
             Began as a Spriggan Assassin on Aug 27, 2015.
             Was an Initiate of Ru.
             Shot with a poisoned arrow by a centaur (12 damage)
             ... on level 5 of the Dungeon.
             The game lasted 00:26:25 (4770 turns).

KambridgeKobold the Covert (Spriggan Assassin)      Turns: 4770, Time: 00:26:25

Health: 0/36       AC:  5    Str: 15    XL:     7   Next: 27%
Magic:  0/8        EV: 18    Int: 10    God:    Ru [......]
Gold:   163        SH:  0    Dex: 19    Spells: 0 memorised, 6 levels left

rFire  . . .     SeeInvis +     K - +8 short sword of Ukhluf {freeze, rC+ Str+7 Int-2}
rCold  + . .     Clarity  .     c - +0 robe
rNeg   . . .     SustAt   .     (shield restricted)
rPois  .         Gourm    .     (helmet restricted)
rElec  .         Spirit   +     x - +2 cloak
rCorr  .         Warding  .     (gloves unavailable)
rMut   .         Stasis   .     (boots unavailable)
MR     +....                    E - amulet of guardian spirit
Stlth  +++++.....               (no ring)
                                y - ring of flight

@: very quick, somewhat resistant to hostile enchantments, quite stealthy
A: unfitting armour, see invisible, herbivore 3, speed 3, slow metabolism 2
a: Renounce Religion, Evoke Flight


You were on level 5 of the Dungeon.
You worshipped Ru.
Ru was noncommittal.
You were hungry.

You visited 2 branches of the dungeon, and saw 6 of its levels.

You collected 163 gold pieces.

Inventory:

Hand weapons
 a - a +2 dagger
 b - a +0 blowgun
 C - a +1 dagger of draining
 K - the +8 short sword of Ukhluf (weapon) {freeze, rC+ Str+7 Int-2}
   (You found it on level 4 of the Dungeon)

   It has been specially enchanted to freeze those struck by it, causing extra
   injury to most foes and up to half again as much damage against particularly
   susceptible opponents.
   It can also slow down cold-blooded creatures.
   It affects your strength (+7).
   It affects your intelligence (-2).
   It protects you from cold.
 M - a +1 falchion of holy wrath
Missiles
 l - 5 poisoned needles
 m - 156 stones (quivered)
 w - 31 bolts
 N - 4 poisoned arrows
Armour
 c - a +0 robe (worn)
 d - a +0 cloak
 x - a +2 cloak (worn)
Jewellery
 j - an uncursed amulet of regeneration
 y - a ring of flight (left hand)
 E - an amulet of guardian spirit (around neck)
Magical devices
 v - a wand of slowing (28)
 H - a wand of confusion (9)
Scrolls
 f - 6 scrolls of identify
 i - a scroll of recharging {unknown}
 n - a scroll of enchant weapon {unknown}
 o - a scroll of fear {unknown}
 u - a scroll of remove curse
 A - a scroll of magic mapping {unknown}
 D - 2 scrolls of enchant armour {unknown}
 G - a scroll of fog {unknown}
 I - a scroll of noise {unknown}
 J - a scroll of random uselessness {unknown}
Potions
 e - 2 potions of ambrosia {unknown}
 h - a potion of cancellation {unknown}
 k - a potion of heal wounds {unknown}
 p - a potion of cure mutation {unknown}
 q - 2 potions of brilliance {unknown}
 r - 3 potions of curing
 s - a potion of invisibility {unknown}
 z - 2 potions of might {unknown}
 B - a potion of flight {unknown}
 F - a potion of agility {unknown}
 L - a potion of resistance {unknown}
Comestibles
 g - 4 bread rations
 t - 4 fruits


   Skills:
 - Level 3.3 Fighting
 + Level 4.0 Short Blades
 + Level 4.1 Throwing
 - Level 3.0 Dodging
 + Level 9.7 Stealth


You had 6 spell levels left.
You didn't know any spells.

Dungeon Overview and Level Annotations

Branches:
Dungeon (5/15)             Temple (1/1) D:4

Altars:
Elyvilon
Fedhas
Gozag
Makhleb
Nemelex Xobeh
Okawaru
Qazlal
Ru
Sif Muna
Trog
Vehumet
Xom
Zin
The Shining One


Innate Abilities, Weirdness & Mutations

You are tiny and cannot use many weapons and most armour.
You have supernaturally acute eyesight.
You are a herbivore.
You cover ground extremely quickly.
You need consume almost no food.


Message History

Your Short Blades skill increases to level 4!
You feel sick.
You feel sick.
The centaur shoots a poisoned arrow.
The poisoned arrow hits you!
* * * LOW HITPOINT WARNING * * *
You are lethally poisoned!
You see here a poisoned arrow.
* * * LOW HITPOINT WARNING * * *
You feel sick.
Found a scroll labeled DEQ YLYCRAWA.
* * * LOW HITPOINT WARNING * * *
You feel sick.
You see here a scroll labeled FECRITICOMY.
A shadow imp and a skeleton come into view.
* * * LOW HITPOINT WARNING * * *
You feel sick.
Drink which item? (? for menu, Esc to quit)
It was a potion of curing.
You feel better.
The centaur shoots a poisoned arrow.
The poisoned arrow hits you!
You die...

###....### .. .#
##...c..##..... ..#
##.............c
.?.######...............
..................$....
#....................
#....................
#....?.(...!.........
#.##.@##...........Z.
#........?.......
....###..........
....... #.###.##..
#........ ... ...
..........#.## ##
#......... .#
#.....Z..5.


You could see a centaur, a shadow imp (sleeping) and a giant gecko skeleton
(dormant).

Vanquished Creatures
  The ghost of flad the Gusty, an average TeAE (D:4)
  An ogre (D:4)
  A hound (D:4)
  An iguana (D:4)
  A centaur skeleton (D:4)
  2 orc wizards (D:3)
  4 worker ants
  Terence (D:2)
  4 gnolls (D:2)
  8 adders
  An ooze (D:3)
  A worm (D:3)
  11 orcs
  4 giant cockroaches
  5 hobgoblins
  12 jackals
  6 kobolds
  A ball python (D:1)
  6 bats
  A giant gecko (D:3)
  7 goblins
  A jackal skeleton (D:4)
  A quokka (D:3)
  7 rats
88 creatures vanquished.

Notes
Turn   | Place    | Note
--------------------------------------------------------------
     0 | D:1      | KambridgeKobold the Spriggan Assassin began the quest for the Orb.
     0 | D:1      | Reached XP level 1. HP: 10/10 MP: 2/2
    51 | D:1      | Reached skill level 6 in Stealth
   160 | D:1      | Reached XP level 2. HP: 5/15 MP: 3/3
  1030 | D:1      | Reached XP level 3. HP: 18/18 MP: 4/4
  1298 | D:2      | Noticed Terence
  1302 | D:2      | Killed Terence
  1302 | D:2      | Reached skill level 7 in Stealth
  1309 | D:2      | Reached XP level 4. HP: 21/23 MP: 5/5
  1712 | D:2      | Found an opulent altar of Gozag.
  1712 | D:2      | Found a glowing silver altar of Zin.
  1941 | D:3      | Reached XP level 5. HP: 26/28 MP: 6/6
  1943 | D:3      | Reached skill level 8 in Stealth
  3114 | D:4      | Found a staircase to the Ecumenical Temple.
  3118 | D:4      | Noticed flad's ghost (average TeAE)
  3123 | Temple   | Entered the Ecumenical Temple
  3208 | Temple   | Became a worshipper of Ru the Awakened
  3248 | D:4      | Reached XP level 6. HP: 32/32 MP: 7/7
  3744 | D:4      | Noticed an ogre
  4002 | D:4      | Reached skill level 9 in Stealth
  4081 | D:4      | Got a faintly glowing short sword
  4082 | D:4      | Identified the +8 short sword of Ukhluf {freeze, rC+ Str+7 Int-2} (You found it on level 4 of the Dungeon)
  4287 | D:4      | Killed an ogre
  4389 | D:4      | Reached XP level 7. HP: 29/36 MP: 6/8
  4521 | D:4      | Killed flad's ghost
  4744 | D:5      | Entered Level 5 of the Dungeon
  4770 | D:5      | Shot with a poisoned arrow by a centaur

Vault maps used:
D:1:      dpeg_arrival_rooms_c, hangedman_decor_slide_cut
D:2:      grunt_temple_overflow_gold_and_silver, first_bread, uniq_terence
D:3:      hangedman_decor_clover_reticule, grunt_decor_one_mirror,
          wad_rectangle_vault
D:4:      minmay_temple_entry_trees
D:5:      dk_vineyard_1
Temple:   circular_temple_12

Action                   |  1- 3 |  4- 6 |  7- 9 || total
-------------------------+-------+-------+-------++-------
Melee: Dagger            |    75 |   182 |       ||   257
       Short sword       |       |    15 |     9 ||    24
 Fire: Blowgun           |    13 |    21 |       ||    34
Evoke: Wand              |       |     1 |       ||     1
  Use: Scroll            |       |     1 |     1 ||     2
       Potion            |       |       |     1 ||     1
 Stab: Sleeping          |     7 |    11 |     1 ||    19
       Distracted        |       |     1 |       ||     1
  Eat: Fruit             |       |     1 |       ||     1
